 Dungeon Crawl Stone Soup version 0.28.0-47-ge53b351184 (webtiles) character file.

Game seed: 223842842627657507

4 styxcanada the Sneak (level 1, 0/11 HPs)
             Began as a Spriggan Brigand on May 8, 2022.
             Slain by a bat (1 damage)
             ... on level 1 of the Dungeon.
             The game lasted 00:01:14 (232 turns).

styxcanada the Sneak (Spriggan Brigand)              Turns: 232, Time: 00:01:14

Health: 0/11       AC:  3    Str:  7    XL:     1   Next: 58%
Magic:  2/2        EV: 16    Int: 12    God:
Gold:   0          SH:  0    Dex: 16    Spells: 0/0 levels left

rFire   . . .      SeeInvis +   a - +2 dagger
rCold   . . .      Faith    .   (no shield)
rNeg    . . .      Spirit   .   b - +0 robe
rPois   .          Reflect  .   (helmet restricted)
rElec   .          Harm     .   c - +0 cloak
rCorr   .          Rampage  .   (gloves unavailable)
Will    .....                   (boots unavailable)
Stlth   +++.......              (no amulet)
HPRegen 0.03/turn               (no ring)
MPRegen 0.08/turn               (no ring)

@: very quick
A: very small, no large weapons, unfitting armour, see invisible, speed 3
a: no special abilities


You were on level 1 of the Dungeon.
You visited 1 branch of the dungeon, and saw 2 of its levels.

Inventory:

Hand Weapons
 a - a +2 dagger (weapon)
Missiles
 d - 8 poisoned darts (quivered)
 e - 2 curare-tipped darts
Armour
 b - a +0 robe (worn)
 c - a +0 cloak (worn)
Scrolls
 h - a scroll of identify {unknown}
 i - a scroll of teleportation {unknown}
Potions
 f - a potion of lignification {unknown}


   Skills:
 + Level 1.7 Fighting
 + Level 2.1 Short Blades
 + Level 2.0 Throwing
 + Level 1.3 Dodging
 + Level 6.2 Stealth


You couldn't memorise any spells.
You didn't know any spells.
Your spell library was empty.

Dungeon Overview and Level Annotations

Branches:
Dungeon (2/15)

Altars:

Shops:
D:1 (   D:2 (


Innate Abilities, Weirdness & Mutations

You are very small and have problems with some larger weapons.
You are too small for most types of armour.
You have supernaturally acute eyesight. (SInv)
You cover ground extremely quickly. (Speed+++)


Message History

The hobgoblin hits you but does no damage.
The kobold misses you. The jackal misses you. The bat completely misses you.
The bat hits you. The bat hits you. The bat hits you.
There is an escape hatch in the ceiling here.
The bat barely misses you.
The endoplasm hits you but does no damage.
A mysterious force pulls you upwards. The hatch slams shut behind you.
The hobgoblin shouts!
The kobold throws a stone.
The stone completely misses you.
The goblin shouts!
You hit the bat but do no damage. The bat misses you.
The bat closely misses you.
You completely miss the bat. The bat closely misses you. The bat misses you.
The bat hits you but does no damage.
The bat barely misses you. x2; The jackal barely misses you.
The jackal barks!
You hit the jackal.
The jackal is lightly wounded.
The bat closely misses you. The bat barely misses you.
The endoplasm freezes you.
You are frozen.
The jackal completely misses you. The rat barely misses you.
The jackal barks!
You hit the jackal.
The jackal is moderately wounded.
The endoplasm hits you but does no damage.
The jackal closely misses you. The hobgoblin hits you.
* * * LOW HITPOINT WARNING * * *
The rat bites you.
* * * LOW HITPOINT WARNING * * *
Blink to where?
Press: ? - help, Dir - move target
As you read the scroll labelled URPHAATHR SURCHE, it crumbles to dust.
It was a scroll of blinking.
The bat barely misses you. The bat hits you.
You die...

###.##....####..J....h....#
#.#####..# #...##.Kg....#
#......#.#.b....#.Jgrb..#
#####..#.#...#hJ.h#######
#.##∩#####.##.#
###...####h# ...
#...≈...##.# #.#
#.⌠.≈.⌠.##b# .#
#...≈...#.@#
#.♣.≈.♣.#.....#
#...≈...#.#.......
#.⌠.≈.⌠.## .......
#...≈...# ....... #.♣.≈.♣.#
....... #...≈...# .......
#.⌠.≈.⌠.# ....... #...≈...#


You could see an endoplasm, 2 jackals and a bat.

Vanquished Creatures
  A ball python (D:1)
  A goblin (D:1)
  A jackal (D:1)
  A frilled lizard (D:2)
4 creatures vanquished.

Notes
Turn   | Place    | Note
-------+----------+-------------------------------------------
     0 | D:1      | styxcanada the Spriggan Brigand began the quest for the
                  | Orb.
     0 | D:1      | Reached XP level 1. HP: 10/10 MP: 2/2
    23 | D:1      | Reached skill level 6 in Stealth
   171 | D:1      | You fall into a shaft and drop 1 floor!
   179 | D:2      | Found Qemopp's Weapon Shoppe.
   232 | D:1      | Slain by a bat

Illustrated notes

Levels and vault maps discovered:
D:1:      mainiacjoe_arrival_reflecting_pool, layout_rooms
D:2:      layout_basic, ebering_ecumenical_altar_hall, serial_shops,
          nicolae_shop_statue_plus, basic_altar

Skill      XL: |  1 |
---------------+----+-----
Stealth        | 6 |  6.2
Fighting       | |  1.7
Short Blades   | |  2.1
Throwing       | |  2.0
Dodging        | |  1.3

Action                   || total
-------------------------++-------
Melee: Dagger            ||    25
  Use: Scroll            ||     1
 Stab: Distracted        ||     1
Armor: Robe              ||    10
Dodge: Dodged            ||    44
